Cogmind - Beta 13 @@@ ROGUE MODE // 2024.03.31 @ 21:32:42 Player: Iris Result: Destroyed by 61-H14(R) with Subdweller Laser Performance ------------- Evolutions (0) 0 Regions Visited (2) 400 Robots Destroyed (18) 90 Value Destroyed (479) 479 Prototype IDs (0) 0 Alien Tech Used (0) 0 Bonus (0) 0 TOTAL SCORE: 969 Bonus ------- None Cogmind --------- Core Integrity 0/250 Matter 296/300 Energy 170/170 System Corruption 0% Temperature Cool (6) Movement Flying (75) Location -10/Subcaves Parts ------- > --- POWER (1) -------- Makeshift Power Source > --- PROPULSION (2) --- Light Treads Makeshift Flight Unit > --- UTILITY (2) ------ Signal Interpreter > --- WEAPON (2) ------- Battle Rifle > --- INVENTORY (5) ---- Light Ion Engine Small Storage Unit Seismic Detector Scrap Shield Fragment (48) Scrap Shield Fragment (48) Peak State ------------ > --- POWER ------------ Makeshift Power Source > --- PROPULSION ------- Light Treads Makeshift Flight Unit > --- UTILITY ---------- Signal Interpreter > --- WEAPON ----------- Battle Rifle Flamer > --- INVENTORY -------- Light Ion Engine Small Storage Unit Seismic Detector Scrap Shield Fragment Scrap Shield Fragment [Rating: 14] Favorites ----------- Power Ion Engine Engine Ion Engine Power Core Light Nuclear Core Propulsion Light Treads Treads Light Treads Flight Unit Makeshift Flight Unit Utility Signal Interpreter Device Structural Scanner Storage Small Storage Unit Processor Signal Interpreter Weapon Light Cannon Ballistic Gun Light Assault Rifle Ballistic Cannon Light Cannon Special Weapon Mining Laser Build | -11 -10 -10 ------- Run | Yrd Mat Sub Slots Evolved . | . . . Power . | . . . Propulsion . | . . . Utility . | . . . Weapon . | . . . Parts Attached 18 | 6 6 6 Power 4 | 1 2 1 Engine 3 | 1 1 1 Core 1 | . 1 . Reactor . | . . . Propulsion 3 | 2 . 1 Treads 2 | 2 . . Leg . | . . . Wheel . | . . . Hover . | . . . Flight 1 | . . 1 Utility 4 | 2 2 . Device 2 | 1 1 . Storage 1 | 1 . . Processor 1 | . 1 . Hackware . | . . . Protection . | . . . Artifact . | . . . Weapon 7 | 1 2 4 Energy Gun . | . . . Energy Cannon . | . . . Ballistic Gun 3 | 1 . 2 Ballistic Cannon 2 | . 2 . Launcher . | . . . Special Weapon 2 | . . 2 Impact Weapon . | . . . Slashing Weapon . | . . . Piercing Weapon . | . . . Special Melee Weapon . | . . . Unidentified Prototypes . | . . . Parts Lost 8 | . 1 7 Power 2 | . 1 1 Propulsion 1 | . . 1 Utility 1 | . . 1 Weapon 4 | . . 4 Highest Loss Streak 3 | . 1 3 To Critical Strikes . | . . . Average Slot Usage (%) 92 | . 97 80 Engine 9 | . 7 12 Core 4 | . 6 . Treads 24 | . 28 15 Flight 1 | . . 3 Device 12 | . 14 8 Storage 3 | . 5 . Processor 10 | . 8 14 Ballistic Gun 5 | . 2 11 Ballistic Cannon 18 | . 23 5 Special Weapon 2 | . . 8 Naked Turns . | . . . Heaviest Build 17 | 12 17 12 Greatest Support 40 | 40 40 40 Greatest Overweight (x) 1 | 1 . . Average Overweight (x) . | . . . Largest Inventory Capacity 8 | 8 8 5 Average Capacity 5 | 7 6 5 Most Carried 5 | 3 5 5 Average Carried 3 | 1 4 4 Final Capacity 8 | 8 5 5 Final Carried 5 | 2 5 5 Class Distribution -------------------- 90% | Mutant 9% | Derelict-Mutant Dominant Class ---------------- Mutant | -10/Materials Mutant | -10/Subcaves Resources | -11 -10 -10 ----------- Run | Yrd Mat Sub Matter Collected 674 | 210 174 290 Remotely . | . . . Salvage Created 447 | 22 276 149 Parts 35 | 2 22 11 Haulers Intercepted . | . . . Recyclers Shooed . | . . . Parts Field Recycled . | . . . Retrieved Matter . | . . . Parts Self-Destructed 8 | . . 8 Prevented . | . . . Kills | -11 -10 -10 ------- Run | Yrd Mat Sub Combat Hostiles Destroyed 14 | . 9 5 Guns 2 | . . 2 Cannons 12 | . 9 3 Classes Destroyed 8 | 1 5 2 Builder 1 | . 1 . Tunneler 1 | 1 . . Operator 1 | . 1 . Watcher 1 | . 1 . Swarmer 4 | . 3 1 Grunt 6 | . 6 . Sentry 1 | . . 1 Subdweller 3 | . . 3 Best Kill Streak 3 | 1 3 2 Combat Bots Only 3 | . 3 2 Max Kills in Single Turn 1 | 1 1 1 Gunslinging . | . . . Exploded . | . . . Melee . | . . . Uniques/NPCs Destroyed . | . . . Combat | -11 -10 -10 -------- Run | Yrd Mat Sub Hostile Shots Fired 108 | . 41 67 Missed 38 | . 7 31 Damage Taken 1018 | . 403 615 Core 257 | . 71 186 Absorbed by Shields . | . . . Core Remaining (%) 100 | 100 . . Volleys Fired 84 | 6 30 48 Largest 2 | 1 2 2 Hottest 125 | 20 70 125 Shots Fired 119 | 6 56 57 Gun 40 | 6 4 30 Cannon 73 | . 52 21 Launcher . | . . . Special 6 | . . 6 Kinetic 113 | 6 56 51 Thermal 6 | . . 6 Explosive . | . . . Electromagnetic . | . . . Robot Hit Streak 10 | 1 6 10 Robot Miss Streak 7 | 2 7 4 Penetration Max . | . . . Secondary Targets . | . . . Shots Hit Robots 63 | 2 23 38 Core Hits 26 | 2 14 10 Critical Kills 1 | . . 1 Critical Parts Destroyed . | . . . Critical Strikes 5 | . 2 3 Destroy 1 | . . 1 Blast 4 | . 2 2 Melee Attacks . | . . . Impact . | . . . Slashing . | . . . Piercing . | . . . Sneak Attacks . | . . . Combat Hostiles . | . . . Follow-up Attacks . | . . . Damage Inflicted 845 | 18 419 408 Guns 226 | 18 15 193 Cannons 609 | . 404 205 Explosions . | . . . Melee . | . . . Ramming . | . . . Kinetic 835 | 18 419 398 Thermal 10 | . . 10 Explosive . | . . . Electromagnetic . | . . . Impact . | . . . Slashing . | . . . Piercing . | . . . Highest Corruption . | . . . Average Corruption . | . . . Corruption Purged . | . . . Corruption Blocked . | . . . Overload Shots . | . . . Overflow Damage 10 | . . 10 Projectiles 10 | . . 10 Explosions . | . . . Melee . | . . . Knockbacks 7 | . 3 4 Impact . | . . . Kinetic 7 | . 3 4 Secondary . | . . . Self-Inflicted Damage . | . . . Shots . | . . . Rammed . | . . . Targets Rammed . | . . . Kicked . | . . . Crushed . | . . . Highest Temperature 83 | . 83 24 Average Temperature 25 | . 25 16 Received Heat Transfer 324 | . 171 153 Siege Activations . | . . . Robots Corrupted . | . . . Combat Hostiles . | . . . Parts Fried . | . . . Impact Corruptions . | . . . Robots Melted . | . . . Combat Hostiles . | . . . Parts Melted . | . . . Heat Transferred 80 | . . 80 Parts Sabotaged . | . . . Parts Stolen . | . . . Parts Stripped . | . . . Power Chain Reactions . | . . . Alert | -11 -10 -10 ------- Run | Yrd Mat Sub Peak Influence 139 | 5 139 . Initial 3 | . 3 . Average 51 | 1 57 . Maximum Alert Level . | . . . Low Security (%) 100 | 100 100 . Level 1 . | . . . Level 2 . | . . . Level 3 . | . . . Level 4 . | . . . Level 5 . | . . . High Security . | . . . Max Security . | . . . Squads Dispatched 1 | . 1 . Investigation 1 | . 1 . Extermination . | . . . Reinforcement . | . . . Assault . | . . . Garrison . | . . . Intercept . | . . . Searches Triggered . | . . . Construction Impeded . | . . . Haulers Reinforced . | . . . Active Scanning Responses . | . . . Cargo Convoy Interrupts . | . . . Stealth | -11 -10 -10 --------- Run | Yrd Mat Sub Distress Signals . | . . . Communications Jammed . | . . . Distress Signals . | . . . Times Spotted 24 | . 16 8 Peak Tracking Total 3 | . 3 3 Tactical Retreats . | . . . Traps | -11 -10 -10 ------- Run | Yrd Mat Sub Traps Triggered 1 | . 1 . Indirectly . | . . . Trap Hack Attempts . | . . . Triggered . | . . . Disarmed 8 | . 8 . Reprogrammed . | . . . Reused . | . . . Traps Extracted . | . . . Installed . | . . . Triggered . | . . . Machines | -11 -10 -10 ---------- Run | Yrd Mat Sub Machines Disabled . | . . . Max in Single Turn . | . . . Machines Repaired . | . . . Machines Dismantled . | . . . Machines Sabotaged . | . . . Overloaded Fab Kills . | . . . Hacking | -11 -10 -10 --------- Run | Yrd Mat Sub Machines Accessed 6 | . 6 . Terminals 6 | . 6 . Fabricators . | . . . Repair Stations . | . . . Recycling Units . | . . . Scanalyzers . | . . . Garrison Access . | . . . Total Hacks 16 | . 16 . Successful 10 | . 10 . Failed 6 | . 6 . Catastrophic 1 | . 1 . Database Lockouts . | . . . Manual 8 | . 8 . Terminals 16 | . 16 . Fabricators . | . . . Repair Stations . | . . . Recycling Units . | . . . Scanalyzers . | . . . Garrison Access . | . . . Terminal Hacks 8 | . 8 . Record 2 | . 2 . Robot Analysis 1 | . 1 . Alert Level 1 | . 1 . Unreport Threat 1 | . 1 . Disarm Traps 2 | . 2 . Zone Layout 1 | . 1 . Fabricator Hacks . | . . . Repair Station Hacks . | . . . Recycling Unit Hacks . | . . . Scanalyzer . | . . . Garrison Access Hacks . | . . . Unauthorized Hacks 2 | . 2 . Terminals 2 | . 2 . Track 2 | . 2 . Fabricators . | . . . Repair Stations . | . . . Recycling Units . | . . . Scanalyzers . | . . . Garrison Access . | . . . Data Cores Recovered . | . . . Used . | . . . Hacking Detections 5 | . 5 . Full Trace Events 3 | . 3 . Feedback Events . | . . . Feedback Blocked . | . . . Robot Schematics Acquired . | . . . Robots Built . | . . . Authchips . | . . . Time . | . . . Total Robot Build Rating . | . . . Part Schematics Acquired . | . . . Parts Built . | . . . Authchips . | . . . Time . | . . . Total Part Build Rating . | . . . Parts Repaired . | . . . Time . | . . . Parts Recycled . | . . . Recycled Matter . | . . . Retrieved Matter . | . . . Retrieved Components . | . . . Parts Scanalyzed . | . . . Part Schematics Acquired . | . . . Parts Damaged . | . . . Bothacking | -11 -10 -10 ------------ Run | Yrd Mat Sub Used RIF Installer . | . . . Robots Hacked . | . . . Non-combat . | . . . Combat . | . . . Robot Hacks Applied . | . . . Relay Couplers Released . | . . . Fabnet Peak Effective % . | . . . Robots Rewired . | . . . Allies Hacked . | . . . Hacks Repelled . | . . . Allies | -11 -10 -10 -------- Run | Yrd Mat Sub Total Allies . | . . . Largest Group . | . . . Highest-Rated Group . | . . . Highest-Rated Ally . | . . . Total Orders . | . . . Ally Attacks . | . . . Total Damage . | . . . Kills . | . . . Allies Corrupted . | . . . Allies Melted . | . . . Intel | -11 -10 -10 ------- Run | Yrd Mat Sub Robot Analysis Total 1 | . 1 . Derelict Logs Recovered . | . . . Drone Launches . | . . . Drone Recoveries . | . . . Exploration | -11 -10 -10 ------------- Run | Yrd Mat Sub Turns Passed 1459 | 119 931 409 Spaces Moved 826 | 67 519 240 Core 16 | 16 . . Treads 690 | 51 519 120 Legs . | . . . Wheels . | . . . Hover . | . . . Flight 120 | . . 120 Fastest Speed 50 | 50 160 75 Average Speed 146 | 141 160 117 Slowest Speed 160 | 160 160 160 Overloaded Moves . | . . . Propulsion Burnouts . | . . . Robots Hopped . | . . . Cave-ins Triggered . | . . . Exploration Rate (%) 37 | 5 82 24 Regions Visited 2 Branch Regions 1 Pre-discovered Areas . | . . . Known Exits Taken 1 | . 1 . Unknown Exits Taken 1 | 1 . . Scrap Searched 4 | . . 4 Spaces Dug . | . . . Terrain Destroyed . | . . . Melee . | . . . Projectile . | . . . AOE . | . . . Terrain Rammed . | . . . Walls Destroyed . | . . . Machines Disabled . | . . . Actions | -11 -10 -10 --------- Run | Yrd Mat Sub Total 953 | 86 564 303 Wait 8 | . 2 6 Move 824 | 66 518 240 Hop . | . . . Pick Up 16 | 8 6 2 Fast Attach 4 | . . 4 Attach 11 | 6 3 2 Detach 1 | . 1 . Swap 3 | . 3 . Drop 2 | . 1 1 Fire 84 | 6 30 48 Melee . | . . . Ram . | . . . Kick . | . . . Crush . | . . . Escape Stasis . | . . . Rewire . | . . . Trap . | . . . Miscellaneous . | . . . Route ------- -11/Scrapyard -10/Materials (discovered 6 exits: *Mat x3 / *Min x2 / *Sub) -10/Subcaves History --------- Turn | Location | Event 11 | -11/Scrapyard | Discovered new exit (range 15) 120 | -11/Scrapyard | Entered Materials 162 | -10/Materials | Discovered new exit (range 11) 304 | -10/Materials | Build established: Mutant 324 | -10/Materials | Discovered new exit (range 16) 572 | -10/Materials | Identified exit to Materials 625 | -10/Materials | Discovered new exit (range 6) 659 | -10/Materials | Identified exit to Mines 675 | -10/Materials | Discovered exit to Materials (range 14) 830 | -10/Materials | Discovered new exit (range 12) 846 | -10/Materials | Identified exit to Subcaves 968 | -10/Materials | Discovered exit to Materials (range 4) 1051 | -10/Materials | Entered Subcaves 1060 | -10/Subcaves | Ambushed by Subdwellers from Twisted Machinery 1167 | -10/Subcaves | Core integrity fell below 50% 1287 | -10/Subcaves | Disturbed a concealed Subdweller 1314 | -10/Subcaves | Core integrity fell below 20% 1340 | -10/Subcaves | Lost 3 parts (1p1u1w) 1460 | -10/Subcaves | Destroyed by 61-H14(R) with Subdweller Laser Last Messages --------------- 01337_ Acquired Battle Rifle. 01343_ Searching scrap... 01343_ Found Sub. Laser. 01343_ Found 40 Matter. 01344_ Acquired 40 matter. 01345_ Searching scrap... 01345_ Found Piercing Trap. 01345_ Found 20 Matter. 01346_ Acquired 11 matter. 01350_ Searching scrap... 01350_ Found Mak. Flight Unit. 01350_ Found Flamer. 01350_ Found 16 Matter. 01353_ Acquired Mak. Flight Unit. 01355_ Acquired 10 matter. 01355_ Dropped Lgt. Assault Rifle. 01357_ Acquired Flamer. 01359_ Acquired 9 matter. 01361_ Acquired 1 matter. 01457_ Flamer destroyed. Map ----- +----------------------------------------------------+ | ?????????????????????????????????????????? | | ?????????????????????????????????????????? | | ?????????????????????????????????????????? | | ?????????????????????????????????????????? | | ?????????????????????????????????????????? | | ?????????????????????????????????????????? | | ?????????????????????????????????????????? | | ?????????????????????????????????????????? | | ?????????????????????????????????????????? | | ?????????????????????????????????????????? | | ?????????????????????????????????????????? | | ???????????????? ????????????????????????? | | ???????????????# ???????????????????????? | | ??????????????## ???????????????????????? | | ??????????????? "???????????????????????? | | ??????????????? " "#?????????????????????? | | ???????????????# "#?????????????????????? | | ???????????????# "#???????????????#??##?? | | ???????????????# ?????#####????? ## ## | | ???????????????? ##????# ##???## | | ????????????????#R ?????# ###?# | | ????????????????# R#?????# ### #??? | | ????????????????# ##????# #??? | | ????????????????; ###### #??## | | ??????????????### ## ## ### | | ??????????????# @ #### | | ??????????????# ;; #??## | | ??????????????# ### ##########???## | | ??????????????# #?###?????????????## | | ??????????????# ##??????????????????# | | ??????????????# ##?????????????????### | | ??????????????##??????????????????## | | ??????????????????????????????????# | | ??????????????????????????????????### # | | ???????????????????????????????????## # | | ???????????????????????????????????# | | ??????????????????????????????????## | | ??????????????????????????????????# | | ??????????????????????????????????# | | ??????????????????????????????????## | | ???????????????????????????????????## # | | ????????????????????????????????????## # | | ?????????????????????????????????????## ## | | ??????????????????????????????????????###? | | ?????????????????????????????????????????? | | ?????????????????????????????????????????? | | ?????????????????????????????????????????? | | ?????????????????????????????????????????? | | ?????????????????????????????????????????? | | ?????????????????????????????????????????? | +----------------------------------------------------+ Best States ------------- Heat Dissipation 25 Energy Generation 15 Energy Capacity 250 Matter Stores 300 Matter Capacity 300 Sight Range 16 Terrain Scan Density 10 Evasion (%) 55 Recoil Reduction 2 Item Schematics ----------------- None Robot Schematics ------------------ None Fabricated ------------ Nothing Alien Tech Used ----------------- None Achievements -------------- True Hacker Challenges ------------ None Game ------ Seed DecoderBiometalWheel Manual? 0 Play Time 00:15:34 Cumulative 2.7 hours Start 2024.03.31 @ 21:16:19 End 2024.03.31 @ 21:32:42 Sessions 1 Manual Loads 0 Difficulty Rogue Special Mode None Game No. 8 Rogue 8 Adventurer 0 Explorer 0 Win Type - Total 0 Types 0/0/0/0/0/0/0/0/0 Lore% 4 Gallery% 7 Achievement% 8 Wizard Run 0 Options --------- Layout 2 ASCII 0 Keyboard 0 Movement Mouse Keybinds 0 Fullscreen 2 Font 32/SmallcapsGlow Map View 50x44 Zoom Use 0% Tactical HUD 1 Map Filters NONE Filters NONE Steam 1 RUN: c4383dd7-d307-40ef-a35f-9f048ee57ec0